 Dungeon Crawl Stone Soup version 0.26-a0-651-gb41185065b (webtiles) character file.

Game seed: 7323264361081758002

107 Lanoc the Charlatan (level 5, -1/31 HPs)
             Began as a Kobold Artificer on Oct 27, 2020.
             Killed by divine providence
             ... invoked by an orc priest
              (12 damage)
             ... on level 3 of the Dungeon.
             The game lasted 00:02:03 (1143 turns).

Lanoc the Charlatan (Kobold Artificer)              Turns: 1143, Time: 00:02:04

Health: -1/31      AC:  3    Str:  9    XL:     5   Next: 11%
Magic:  5/5        EV: 15    Int: 12    God:
Gold:   0          SH:  0    Dex: 17    Spells: 4/4 levels left

rFire    . . .     SeeInvis .   a - +0 club
rCold    . . .     Faith    .   (shield restricted)
rNeg     . . .     Spirit   .   b - +0 leather armour
rPois    .         Reflect  .   (no helmet)
rElec    .         Harm     .   (no cloak)
rCorr    .         Rampage  .   (no gloves)
MR       .....                  (no boots)
Stlth    +++.......             (no amulet)
HPRegen  0.10/turn              (no ring)
MPRegen  0.09/turn              (no ring)

@: no status effects
A: small, nightstalker 3
a: no special abilities


You were on level 3 of the Dungeon.
You visited 1 branch of the dungeon, and saw 3 of its levels.

Inventory:

Hand Weapons
 a - a +0 club (weapon)
Armour
 b - a +0 leather armour (worn)
Wands
 c - a wand of flame (10)
 d - a wand of enslavement (8)
 e - a wand of random effects (9)
Scrolls
 f - a scroll of magic mapping {unknown}
 g - a scroll of remove curse {unknown}
Potions
 h - a potion of curing {unknown}


   Skills:
 + Level 2.3 Fighting
 + Level 1.6 Armour
 + Level 3.3 Dodging
 - Level 1.3 Stealth
 * Level 5.0 Evocations


You had 4 spell levels left.
You didn't know any spells.
Your spell library was empty.

Dungeon Overview and Level Annotations

Branches:
Dungeon (3/15)

Altars:


Innate Abilities, Weirdness & Mutations

You are small and have problems with some larger weapons.
You are completely attuned to the shadows.


Message History

You hit the orc priest.
The orc priest is severely wounded.
The helpless orc priest fails to defend itself.
You hit the orc priest.
The orc priest is severely wounded.
The orc priest is no longer paralysed.
The orc priest hits you with a +0 hand axe!
You hit the orc priest but do no damage.
The orc priest is severely wounded.
The orc priest begins to cast a cantrip, but forgets the words!
You barely miss the orc priest.
The orc priest is severely wounded.
The orc priest mumbles some strange prayers to Beogh against you.
Pain shoots through your body!
You hit the orc priest.
The orc priest is almost dead.
The orc priest barely misses you.
The orc priest mumbles some strange prayers to Beogh against you.
Beogh smites you!
You die...

#.################
#.....@o.........#
#.##############.#
#.#### #....#
####.# #.# #.# #.#
#.#


You could see an orc priest.

Vanquished Creatures
  A centaur (D:3)
  An adder (D:3)
  4 orcs (D:3)
  A giant cockroach (D:1)
  2 goblins
  2 frilled lizards (D:3)
  A kobold (D:3)
  2 rats (D:1)
14 creatures vanquished.

Vanquished Creatures (collateral kills)
  An orc (D:3)
  A kobold (D:3)
  A goblin (D:3)
3 creatures vanquished.

Vanquished Creatures (others)
  An orc wizard (D:3)
  3 orcs (D:3)
4 creatures vanquished.

Grand Total: 21 creatures vanquished

Notes
Turn   | Place    | Note
-------+----------+-------------------------------------------
     0 | D:1      | Lanoc the Kobold Artificer began the quest for the Orb.
     0 | D:1      | Reached XP level 1. HP: 12/12 MP: 1/1
   298 | D:3      | Reached XP level 2. HP: 12/16 MP: 2/2
   304 | D:3      | Reached skill level 1 in Armour
   319 | D:3      | Reached skill level 4 in Evocations
   674 | D:3      | Reached XP level 3. HP: 5/20 MP: 3/3
   988 | D:3      | Noticed a centaur
   995 | D:3      | Killed a centaur
   995 | D:3      | Reached skill level 5 in Evocations
   995 | D:3      | Reached XP level 4. HP: 22/26 MP: 4/4
   995 | D:3      | Reached XP level 5. HP: 26/30 MP: 5/5
  1143 | D:3      | Killed from afar by an orc priest

Illustrated notes

Levels and vault maps discovered:
D:1:      scummos_arrival_forest, layout_basic
D:2:      layout_rooms, gammafunk_temple_overflow_claw, kennysheep_minor_cross
D:3:      layout_basic, nemelex_xobeh_ov_fountains_minmay,
          nicolae_gozag_cash_rules_everything_around_me, serial_glass,
          glass_columns_c, glass_columns_b, due_unseen_surprise

Skill      XL: |  1  2  3 |
---------------+----------+-----
Armour         | 1 |  1.6
Evocations     | 4 5 |  5.0
Fighting       | 2 |  2.3
Dodging        | 3 |  3.3
Stealth        | |  1.3

Action                   |  1- 3 |  4- 6 || total
-------------------------+-------+-------++-------
Melee: Club              |    45 |    25 ||    70
Evoke: Wand              |    12 |     6 ||    18
 Stab: Sleeping          |     2 |     1 ||     3
       Paralysed         |       |    12 ||    12
Armor: Leather armour    |    17 |     1 ||    18
Dodge: Dodged            |    57 |     9 ||    66

Table legend: (Time is in decaauts)
 A = Elapsed time spent in this place.
 B = Non-inter-level travel time spent in this place.
 C = Inter-level travel time spent in this place.
 D = Time resting spent in this place.
 E = Time spent auto-exploring this place.
 F = Levels seen in this place.
 G = Mean time per level.
                   A        B        C        D        E       F      G
               +--------+--------+--------+--------+--------+-----+--------+
         Total |   1163 |   1158 |      5 |      0 |    927 |   3 |  387.7 |
       Dungeon |   1163 |   1158 |      5 |      0 |    927 |   3 |  387.7 |
               +--------+--------+--------+--------+--------+-----+--------+

Top non-repeatable levels by time:
     D:3: 883 daAuts
     D:2: 150 daAuts
     D:1: 129 daAuts
